 Dungeon Crawl Stone Soup version 0.27-a0-1196-g3e9cee4cb2 (webtiles) character file.

Game seed: 13630972157056409816

246 2tc the Slasher (level 6, -12/47 HPs)
             Began as a Formicid Fighter on May 29, 2021.
             Mangled by Blork the orc
             ... wielding a +0 glaive
              (15 damage)
             ... on level 4 of the Dungeon.
             The game lasted 00:08:30 (3448 turns).

2tc the Slasher (Formicid Fighter)                  Turns: 3448, Time: 00:08:31

Health: -12/47     AC:  6    Str: 21    XL:     6   Next: 33%
Magic:  6/6        EV:  9    Int:  7    God:
Gold:   146        SH:  0    Dex: 12    Spells: 5/5 levels left

rFire    . . .     SeeInvis +   a - +0 long sword
rCold    . . .     Faith    .   (no shield)
rNeg     . . .     Spirit   .   b - +0 scale mail
rPois    .         Reflect  .   (helmet unavailable)
rElec    .         Harm     .   (no cloak)
rCorr    .         Rampage  .   (no gloves)
Will     .....                  (no boots)
Stlth    ..........             (no amulet)
HPRegen  0.15/turn              (no ring)
MPRegen  0.10/turn              (no ring)

@: flying
A: permanent stasis, dig shafts and tunnels, antennae 3, four strong arms
a: Dig, Shaft Self


You were on level 4 of the Dungeon.
You visited 1 branch of the dungeon, and saw 4 of its levels.

You collected 146 gold pieces.

Inventory:

Hand Weapons
 a - a +0 long sword (weapon)
Missiles
 e - 2 javelins
 g - 153 stones
 h - 19 poisoned darts
Armour
 b - a +0 scale mail (worn)
 c - a +0 kite shield
Wands
 l - a wand of digging (1)
Scrolls
 i - a scroll of enchant armour
Potions
 d - a potion of mutation
 f - a potion of brilliance
 k - a potion of curing {unknown}
 m - a potion of degeneration {unknown}
 n - a potion of berserk rage


   Skills:
 - Level 3.2 Fighting
 * Level 6.2 Long Blades
 - Level 3.2 Armour
 - Level 3.6 Shields


You had 5 spell levels left.
You didn't know any spells.
Your spell library was empty.

Dungeon Overview and Level Annotations

Branches:
Dungeon (4/15)
 Temple: D:4-7

Altars:
Nemelex Xobeh
Trog

Shops:
D:1 *   D:2 ?

Annotations:
D:4 Blork the orc


Innate Abilities, Weirdness & Mutations

You cannot be hasted, slowed, berserked, paralysed or teleported.
You can dig through walls and to a lower floor.
You have a pair of large antennae on your head. (SInv)
Your four strong arms can wield two-handed weapons with a shield.


Message History

The adder skeleton is heavily damaged.
The adder skeleton closely misses you. The adder skeleton bites you.
You hit the adder skeleton.
You destroy the adder skeleton!
HP restored.
You sense a monster nearby.
Blork the orc comes into view.
He is wielding a +0 glaive.
Blork the orc shouts!
Blork the orc mumbles some strange words.
Blork the orc seems to speed up.
Blork the orc screams, "I don't like you!"
Blork the orc looks encouraged for a moment.
Okay, then.
Okay, then.
Okay, then.
You don't know any spells.
Press: ? - help, v - describe, . - travel
Here: Blork the orc, wielding a +0 glaive and wearing a +0 robe (fast)
The floor.
Okay, then.
Unknown command.
Blork the orc hits you from afar with a +0 glaive.
Blork the orc hits you from afar with a +0 glaive!
Blork the orc gestures at you while chanting.
The puff of frost misses you.
You closely miss Blork the orc.
Blork the orc hits you with a +0 glaive! x2
* * * LOW HITPOINT WARNING * * *
It was a potion of berserk rage.
Your stasis prevents you from going berserk.
Blork the orc hits you with a +0 glaive.
* * * LOW HITPOINT WARNING * * *
Blork the orc points at you and mumbles some strange words.
The puff of flame hits you.
* * * LOW HITPOINT WARNING * * *
It was a potion of flight.
You feel very buoyant.
You fly up into the air.
Blork the orc hits you with a +0 glaive!
You die...

# #. ## ..####.#..
.....^...# .......#
..... .... #..###..#
#... ........#
#...#..####o#
#...#..# #@######...
#...#..####..........
#..........#.#####.##
#.........###.#
##<.###.#.##
#.......## #........#
#...............
#..#.######.####


You could see Blork the orc (fast).

Vanquished Creatures
  A water moccasin skeleton (D:3)
  Terence (D:3)
  Ijyb (D:3)
  2 gnolls
  6 adders
  An adder skeleton (D:4)
  A worm (D:2)
  3 dart slugs
  An orc (D:3)
  6 endoplasms
  3 giant cockroaches
  4 hobgoblins
  6 jackals (D:1)
  3 kobolds
  4 quokkas
  3 ball pythons
  5 bats
  3 frilled lizards
  6 goblins
  3 rats
63 creatures vanquished.

Notes
Turn   | Place    | Note
-------+----------+-------------------------------------------
     0 | D:1      | 2tc the Formicid Fighter began the quest for the Orb.
     0 | D:1      | Reached XP level 1. HP: 18/18 MP: 1/1
   200 | D:1      | Reached XP level 2. HP: 24/24 MP: 2/2
   429 | D:1      | Reached skill level 3 in Long Blades
   835 | D:1      | Reached XP level 3. HP: 24/29 MP: 3/3
  1079 | D:1      | Found Qalamin's Assorted Antiques.
  1572 | D:2      | Reached skill level 4 in Long Blades
  1572 | D:2      | Reached XP level 4. HP: 33/35 MP: 4/4
  1634 | D:2      | Found Peacon's Magic Scroll Emporium.
  1929 | D:2      | Found a faded altar of an unknown god.
  2469 | D:3      | Noticed Terence
  2482 | D:3      | Killed Terence
  2483 | D:3      | Reached skill level 5 in Long Blades
  2483 | D:3      | Reached XP level 5. HP: 36/41 MP: 5/5
  2563 | D:3      | Found a bloodstained altar of Trog.
  2867 | D:3      | Found a sparkling altar of Nemelex Xobeh.
  2888 | D:3      | Noticed Ijyb
  2899 | D:3      | Reached XP level 6. HP: 46/47 MP: 6/6
  2910 | D:3      | Killed Ijyb
  2928 | D:3      | Reached skill level 6 in Long Blades
  3438 | D:4      | Noticed Blork the orc
  3448 | D:4      | Mangled by Blork the orc

Illustrated notes

Levels and vault maps discovered:
D:1:      dpeg_arrival_leaves_temple_mockup, layout_loops_ring, serial_shops,
          shop, chequers_avenue, minmay_pentomino_v2
D:2:      cheibrodos_helix_gallery, layout_basic, basic_ecumenical_altar,
          serial_shops, shop
D:3:      layout_basic, general_overflow_altar, nemelex_dance_club_becter,
          kennysheep_minor_cross, uniq_terence, uniq_ijyb
D:4:      layout_loops_ring, amcnicky_altar_gilded, uniq_blork_the_orc

Skill      XL: |  1  2  3  4  5  6 |
---------------+-------------------+-----
Long Blades    | 3 4 5 6 |  6.2
Fighting       | |  3.2
Armour         | |  3.2
Shields        | |  3.6

Action                   |  1- 3 |  4- 6 || total
-------------------------+-------+-------++-------
Melee: Long sword        |    80 |   103 ||   183
  Use: Scroll            |     4 |     2 ||     6
       Potion            |       |     3 ||     3
Armor: Scale mail        |    33 |    40 ||    73
Dodge: Dodged            |    36 |    45 ||    81
       Rpst.: Long sword |    11 |    14 ||    25

Table legend: (Time is in decaauts)
 A = Elapsed time spent in this place.
 B = Non-inter-level travel time spent in this place.
 C = Inter-level travel time spent in this place.
 D = Time resting spent in this place.
 E = Time spent auto-exploring this place.
 F = Levels seen in this place.
 G = Mean time per level.
                   A        B        C        D        E       F      G
               +--------+--------+--------+--------+--------+-----+--------+
         Total |   3483 |   3323 |    160 |    453 |   2348 |   4 |  870.8 |
       Dungeon |   3483 |   3323 |    160 |    453 |   2348 |   4 |  870.8 |
               +--------+--------+--------+--------+--------+-----+--------+

Top non-repeatable levels by time:
     D:1: 1270 daAuts
     D:2: 1052 daAuts
     D:3: 1040 daAuts
     D:4: 119 daAuts
